 Dungeon Crawl Stone Soup version 0.25.1-8-g42b30a86e7 (webtiles) character file.

Game seed: 17712267811366683792

21821 hawla the Thaumaturge (level 12, -3/103 HPs)
             Began as a Yellow Draconian Conjurer on Dec 7, 2020.
             Was an Elder of Vehumet.
             Killed from afar by a deep elf mage (6 damage)
             ... with a magic dart
             ... on level 13 of the Dungeon.
             The game lasted 01:02:32 (19549 turns).

hawla the Thaumaturge (Yellow Draconian Conjurer)  Turns: 19549, Time: 01:02:33

Health: -3/103     AC: 10    Str: 11    XL:     12   Next: 57%
Magic:  3/25       EV: 13    Int: 20    God:    Vehumet [****..]
Gold:   702        SH:  0    Dex: 12    Spells: 20/34 levels left

rFire    . . .     SeeInvis .   D - +0 quarterstaff (freeze)
rCold    + . .     Gourm    .   (shield currently unavailable)
rNeg     . . .     Faith    .   (armour unavailable)
rPois    .         Spirit   .   (helmet restricted)
rElec    .         Reflect  .   l - scarf {+Inv}
rCorr    +         Harm     .   (no gloves)
MR       .....                  s - +1 pair of boots
Stlth    ++........             (no amulet)
HPRegen  0.27/turn              e - ring of protection from fire
MPRegen  0.19/turn              C - ring of ice

@: lethally poisoned (-3 -> -8), frozen ramparts, very slightly contaminated,
slowed, very slow
A: spit acid, unfitting armour, horns 1, low mp 1, mutation resistance 1, wild
magic 1, cold-blooded, acid resistance, AC +8
a: Breathe Acid, Renounce Religion, Evoke Invisibility


You were on level 13 of the Dungeon.
You worshipped Vehumet.
Vehumet was greatly pleased with you.
You were very hungry.

You visited 2 branches of the dungeon, and saw 14 of its levels.

You collected 702 gold pieces.

Inventory:

Hand Weapons
 a - a +1 dagger
 x - the +4 mace "Zubaid" {antimagic, rElec rPois Str+4}
   (You found it on level 8 of the Dungeon)

   It reduces the magical energy of the wielder, and disrupts the spells and
   magical abilities of those hit.
   Natural abilities and divine invocations are not affected.
   It affects your strength (+4).
   It insulates you from electricity.
   It protects you from poison.
 D - a +0 quarterstaff of freezing (weapon)
Missiles
 f - 45 poisoned darts
 j - 7 boomerangs (quivered)
Armour
 l - a scarf of invisibility (worn)
 s - a +1 pair of boots (worn)
Jewellery
 e - a ring of protection from fire (left hand)
 A - an uncursed ring of protection from fire
 C - a ring of ice (right hand)
Wands
 n - a wand of acid (11)
 o - a wand of flame (40)
 p - a wand of disintegration (13)
 r - a wand of iceblast (7)
 v - a wand of random effects (23)
 y - a wand of paralysis (7)
Scrolls
 d - 5 scrolls of enchant armour
 t - 2 scrolls of remove curse
 u - 3 scrolls of identify
 w - a scroll of amnesia
 z - a scroll of magic mapping
Potions
 c - 2 potions of mutation
 h - 2 potions of stabbing
 B - a potion of brilliance
Miscellaneous
 g - a phial of floods
Comestibles
 b - 28 rations


   Skills:
 + Level 8.5 Fighting
 + Level 1.0 Staves
 + Level 0.8 Throwing
 + Level 3.7 Dodging
 + Level 4.0 Stealth
 + Level 11.9 Spellcasting
 + Level 9.3 Conjurations
 + Level 6.3 Translocations
 + Level 7.2 Ice Magic
 + Level 7.7 Evocations


You had 20 spell levels left.
You knew the following spells:

 Your Spells              Type           Power        Failure   Level  Hunger
a - Magic Dart            Conj           ####         1%          1    None
b - Searing Ray           Conj           ######       1%          2    None
c - Iskenderun's Mystic   Conj/Tloc      ######..     1%          4    #......
d - Frozen Ramparts       Ice            ######       1%          3    None
e - Hailstorm             Conj/Ice       ######..     1%          4    #......

Your spell library contained the following spells:

 Spells                   Type           Power        Failure   Level  Hunger
 Yara's Violent Unravell  Hex/Tmut       ###.......   43%         5    ####...
 Apportation              Tloc           #####.       1%          1    None
 Freeze                   Ice            ####         1%          1    None
 Shock                    Conj/Air       ####         1%          1    None
 Dazzling Flash           Conj/Hex       #####.       1%          3    None
 Static Discharge         Conj/Air       #####...     1%          3    None
 Fulminant Prism          Conj/Hex       #####.....   3%          4    #......
 Ozocubu's Armour         Chrm/Ice       ######..     6%          3    None
 Lightning Bolt           Conj/Air       #####.....   9%          5    ####...
 Animate Skeleton         Necr           N/A          10%         1    None
 Corona                   Hex            ###....      10%         1    None
 Pain                     Necr           ###.         10%         1    None
 Summon Small Mammal      Summ           ###.         10%         1    None
 Swiftness                Chrm/Air       ###.....     13%         2    None
 Airstrike                Air            ###.......   19%         4    #......
 Summon Ice Beast         Ice/Summ       ######..     19%         4    #......
 Vampiric Draining        Necr           ###.......   24%         3    None
 Animate Dead             Necr           N/A          58%         4    #......
 Agony                    Necr           ###.....     89%         5    ####...


Dungeon Overview and Level Annotations

Branches:
Dungeon (12/15)            Temple (1/1) D:6            Lair (0/6) D:8
    Orc (0/2) D:12

Altars:
Ashenzari
Cheibriados
Dithmenos
Elyvilon
Fedhas
Gozag
Hepliaklqana
Kikubaaqudgha
Makhleb
Nemelex Xobeh
Okawaru
Qazlal
Ru
Sif Muna
Trog
Uskayaw
Vehumet
Wu Jian
Xom
Yredelemnul
Zin
The Shining One

Shops:
D:6 }   D:7 (


Innate Abilities, Weirdness & Mutations

You can spit globs of acid.
Your golden yellow scales are hard. (AC +8)
You cannot fit into any form of body armour.
You are cold-blooded and may be slowed by cold attacks.
You are resistant to acid. (rCorr)
You have a pair of small horns on your head.
Your magical capacity is low. (-10% MP)
You are somewhat resistant to further mutation.
Your spells are a little harder to cast, but a little more powerful.


Message History

The wraith resists.
The wall freezes the wraith.
The wall freezes the hornet.
The hornet closely misses you.
The wall freezes the hornet.
The hornet stings you.
* * * LOW HITPOINT WARNING * * *
You are lethally poisoned!
You feel as though you will be slow longer.
The wraith resists.
The wall freezes the wraith.
The wall freezes the deep elf mage.
The wall freezes the hornet!
The hornet stings you.
* * * LOW HITPOINT WARNING * * *
You feel as though you will be slow longer.
* * * LOW HITPOINT WARNING * * *
You feel sick.
The wall freezes the hornet.
You kill the hornet!
Vehumet accepts your kill.
The wraith resists.
The wall freezes the wraith.
The wall freezes the deep elf mage!
The deep elf mage gestures at you while chanting.
The magic dart hits you.
You die...

#...#†..†††..#
#.#....###.)..##
#......##).#...##
#....###:|.#
...###
#....#):[#.#
#....
#....):###.##...#
#.#.$..#...#...##
#...#..#......#
#.#...#...†.@#
#...#).e#u.###
#.#...#.W###
#...#..###
#.#.(### #..###
...## ... ..


You could see a white ugly thing, a deep elf mage and a wraith.

Vanquished Creatures
  A very ugly thing (D:13)
  A great orb of eyes (D:13)
  Fannar (D:11)
  A hydra (D:13)
  A centaur warrior (D:10)
  A two-headed ogre (D:9)
  4 skeletal warriors (D:12)
  2 unseen horrors
  An orc knight (D:13)
  A wolf spider (D:13)
  A manticore (D:11)
  2 centaur skeletons
  4 trolls
  Grinder (D:5)
  2 hornets (D:13)
  6 hippogriffs
  A spriggan (D:8)
  2 wraiths
  5 yaks (D:11)
  3 wyverns (D:8)
  2 steam dragons (D:10)
  A vampire mosquito (D:9)
  An acid dragon (D:11)
  A soldier ant (D:13)
  A water moccasin (D:10)
  A swamp drake (D:8)
  5 orc warriors
  3 sky beasts
  2 black bears
  2 phantoms
  4 ice beasts
  A necrophage (D:9)
  6 ogres
  14 centaurs
  3 crocodiles
  A big kobold (D:8)
  5 bullfrogs
  A gnoll sergeant (D:9)
  4 scorpions
  8 wights
  5 crimson imps
  2 bullfrog zombies
  6 hounds
  2 jellies
  15 orc priests
  Ijyb (D:4)
  A bullfrog skeleton (D:5)
  9 iguanas
  14 orc wizards
  14 worker ants
  A hound zombie (D:7)
  2 worker ant zombies
  10 adders
  15 gnolls
  2 shadow imps
  4 oozes
  5 adder skeletons
  3 adder zombies
  2 dart slugs (D:1)
  7 leopard geckos
  58 orcs
  9 bats
  5 giant cockroaches
  7 goblins
  10 hobgoblins
  17 jackals
  15 kobolds
  8 quokkas
  2 ball pythons
  A ball python skeleton (D:4)
  5 frilled lizards
  A quokka skeleton (D:7)
  6 rats
  A fungus (D:10)
372 creatures vanquished.

Vanquished Creatures (others)
  An ogre mage (D:13)
  12 fungi (D:10)
13 creatures vanquished.

Grand Total: 385 creatures vanquished

Notes
Turn   | Place    | Note
-------+----------+-------------------------------------------
     0 | D:1      | hawla the Draconian Conjurer began the quest for the Orb.
     0 | D:1      | Reached XP level 1. HP: 14/14 MP: 3/3
   164 | D:1      | Reached XP level 2. HP: 2/20 MP: 0/5
   175 | D:1      | Learned a level 2 spell: Searing Ray
   791 | D:1      | Reached skill level 3 in Spellcasting
   945 | D:1      | Reached XP level 3. HP: 26/26 MP: 2/7
  1605 | D:2      | Gained mutation: Your magical capacity is low. (-10% MP)
                  | [potion of mutation]
  1605 | D:2      | Gained mutation: You are somewhat resistant to further
                  | mutation. [potion of mutation]
  1605 | D:2      | Gained mutation: You have a pair of small horns on your
                  | head. [potion of mutation]
  1605 | D:2      | Gained mutation: Your spells are a little harder to cast,
                  | but a little more powerful. [potion of mutation]
  1861 | D:2      | Reached skill level 4 in Spellcasting
  1861 | D:2      | Reached XP level 4. HP: 21/33 MP: 3/9
  1866 | D:2      | HP: 1/33 [gnoll/+0 spear (9)]
  3242 | D:3      | Reached XP level 5. HP: 38/38 MP: 7/11
  3248 | D:3      | Learned a level 4 spell: Iskenderun's Mystic Blast
  3610 | D:3      | Reached skill level 1 in Translocations
  3794 | D:3      | Reached skill level 5 in Spellcasting
  4214 | D:3      | Reached XP level 6. HP: 20/45 MP: 2/12
  4546 | D:4      | Found a shimmering altar of Xom.
  4840 | D:4      | Reached skill level 8 in Spellcasting
  4840 | D:4      | Your scales start taking on a golden yellow colour.
  4840 | D:4      | Reached XP level 7. HP: 51/66 MP: 1/17
  4840 | D:4      | Gained mutation: You are resistant to acid. (rCorr) [Yellow
                  | Draconian growth]
  5117 | D:4      | Noticed Ijyb
  5127 | D:4      | Killed Ijyb
  5341 | D:4      | Reached XP level 8. HP: 73/73 MP: 11/18
  5592 | D:5      | Entered Level 5 of the Dungeon
  6100 | D:5      | Noticed Grinder
  6105 | D:5      | Killed Grinder
  7591 | D:6      | Found a staircase to the Ecumenical Temple.
  7598 | Temple   | Entered the Ecumenical Temple
  7838 | Temple   | Became a worshipper of Vehumet
  7912 | D:6      | Found Koud's Gadget Emporium.
  8286 | D:6      | Reached skill level 9 in Spellcasting
  8286 | D:6      | Reached XP level 9. HP: 79/79 MP: 2/19
  8498 | D:6      | Reached skill level 5 in Conjurations
  9070 | D:7      | Reached skill level 5 in Translocations
  9099 | D:7      | Found Setyth's Antique Weapon Emporium.
  9305 | D:7      | Reached * piety under Vehumet
  9305 | D:7      | Offered knowledge of Shock by Vehumet.
 10086 | D:8      | Got a crude mace
 10087 | D:8      | Identified the +4 mace "Zubaid" {antimagic, rElec rPois
                  | Str+4} (You found it on level 8 of the Dungeon)
 10890 | D:8      | Reached ** piety under Vehumet
 11052 | D:8      | Offered knowledge of Foxfire by Vehumet.
 11092 | D:8      | Reached XP level 10. HP: 47/88 MP: 13/21
 11267 | D:8      | Found a staircase to the Lair.
 12048 | D:9      | Reached skill level 10 in Spellcasting
 12144 | D:9      | Noticed a two-headed ogre
 12154 | D:9      | Killed a two-headed ogre
 12291 | D:9      | Offered knowledge of Conjure Flame by Vehumet.
 12895 | D:9      | Killed an unseen horror
 13039 | D:9      | Reached *** piety under Vehumet
 13635 | D:10     | Entered Level 10 of the Dungeon
 13639 | D:10     | Noticed a centaur warrior
 13651 | D:10     | Killed a centaur warrior
 13651 | D:10     | Reached XP level 11. HP: 24/94 MP: 21/23
 14805 | D:10     | Offered knowledge of Ignite Poison by Vehumet.
 14810 | D:10     | Learned a level 3 spell: Frozen Ramparts
 15025 | D:10     | Learned a level 4 spell: Hailstorm
 15366 | D:11     | Reached skill level 1 in Ice Magic
 16081 | D:11     | Noticed Fannar
 16093 | D:11     | Killed Fannar
 16093 | D:11     | Reached skill level 5 in Ice Magic
 17483 | D:12     | Noticed a skeletal warrior
 17483 | D:12     | Noticed a skeletal warrior
 17484 | D:12     | Noticed a skeletal warrior
 17484 | D:12     | Noticed a skeletal warrior
 17628 | D:12     | Reached **** piety under Vehumet
 17948 | D:12     | Found a staircase to the Orcish Mines.
 18171 | D:12     | Offered knowledge of Yara's Violent Unravelling by Vehumet.
 18490 | D:12     | Reached skill level 11 in Spellcasting
 19044 | D:12     | Killed a skeletal warrior
 19066 | D:12     | Killed a skeletal warrior
 19066 | D:12     | Reached XP level 12. HP: 35/102 MP: 7/24
 19494 | D:12     | You fall into a shaft and drop 1 floor!
 19495 | D:13     | Noticed a five-headed hydra
 19495 | D:13     | Noticed a great orb of eyes
 19499 | D:13     | Noticed a brown very ugly thing
 19499 | D:13     | Killed a five-headed hydra
 19503 | D:13     | Killed a great orb of eyes
 19504 | D:13     | Killed a brown very ugly thing
 19512 | D:13     | Noticed an ogre mage
 19522 | D:13     | Reached skill level 1 in Staves
 19542 | D:13     | Killed an ogre mage
 19548 | D:13     | HP: 4/103 [hornet (2)]
 19549 | D:13     | Killed from afar by a deep elf mage

Illustrated notes

Levels and vault maps discovered:
D:1:      nzn_arrival_settlement, layout_loops_ring, minmay_misc_feat_iff,
          hangedman_decor_peaks_small
D:2:      layout_loops_cross, serial_glass, glass_columns_a, glass_columns_a,
          glass_columns_a, glass_columns_a, kennysheep_generic_room_9
D:3:      layout_basic, kennysheep_cross_room
D:4:      layout_loops_ring, kennysheep_little_box, uniq_ijyb
D:5:      layout_basic, first_ration, uniq_grinder
D:6:      layout_basic, minmay_temple_entry_butterflies, serial_shops, shop
D:7:      layout_loops_ring, serial_shops, shop
D:8:      layout_gridville, erik_lair_dragon, the_bakery
D:9:      kennysheep_windowed_halls, layout_rooms
D:10:     kennysheep_steamy, layout_irregular_city, kennysheep_path_1
D:11:     layout_layer_cave, uniq_fannar
D:12:     layout_stronghold, david_orc_2, kennysheep_generic_room_7
D:13:     minmay_the_grid_triangle_9x9_recursive_2_mashed
          [minmay_the_grid_triangle_9x9_prize_schism,
          minmay_the_grid_triangle_9x9_negative_grid,
          minmay_the_grid_triangle_9x9_sparse_checkered,
          minmay_the_grid_triangle_9x9_sprig], layout_irregular_city,
          skrybe_vaults_entry_preservation, uniq_josephine
Temple:   nicolae_temple_the_god_donut

Skill      XL: |  1  2  3  4  5  6  7  8  9 10 11 12 |
---------------+-------------------------------------+-----
Spellcasting   | 3 4 5 8 9 10 11 | 11.9
Dodging        | 2 3 |  3.7
Translocations | 2 3 4 5 6 |  6.3
Fighting       | 7 8 |  8.5
Evocations     | 6 7 |  7.7
Conjurations   | 6 8 9 |  9.3
Stealth        | 2 3 4 |  4.0
Ice Magic      | 6 7 |  7.2
Staves         | 1 |  1.0
Throwing       | |  0.8

Action                   |  1- 3 |  4- 6 |  7- 9 | 10-12 || total
-------------------------+-------+-------+-------+-------++-------
Melee: Unarmed           |    13 |       |       |       ||    13
       Tailslap          |     1 |     1 |     3 |     4 ||     9
       Dagger            |     9 |    22 |    19 |    38 ||    88
       Headbutt          |     1 |     1 |     1 |     5 ||     8
       Quarterstaff      |       |       |       |     2 ||     2
Throw: Dart              |       |       |     1 |       ||     1
       Boomerang         |       |       |       |     4 ||     4
 Cast: Magic Dart        |    54 |    57 |    99 |    91 ||   301
       Searing Ray       |    11 |    38 |    74 |   103 ||   226
       Iskenderun's Myst |       |     1 |    11 |    40 ||    52
       Hailstorm         |       |       |       |    21 ||    21
       Frozen Ramparts   |       |       |       |    19 ||    19
 Abil: Breathe Acid      |       |       |     5 |     3 ||     8
       Evoke Invisibilit |       |       |       |     3 ||     3
Evoke: Wand              |       |       |       |    12 ||    12
  Use: Scroll            |     5 |     2 |     4 |    12 ||    23
       Potion            |     1 |     9 |       |    11 ||    21
 Stab: Invisible         |       |       |       |     1 ||     1
  Eat: Chunk             |     3 |     7 |    17 |    22 ||    49
       Ration            |       |     1 |     1 |     2 ||     4
Armor: Skin              |    17 |    21 |    35 |    86 ||   159
Dodge: Dodged            |    36 |    39 |    68 |   122 ||   265
